 Dungeon Crawl Stone Soup version 0.25-a0-566-g062765be81 (webtiles) character file.

Game seed: 14683175655198911694, levelgen mode: deterministic

3 vurker the Gusty (level 1, 0/7 HPs)
             Began as a Felid Air Elementalist on Feb 28, 2020.
             Slain by a jackal (3 damage)
             ... on level 1 of the Dungeon.
             The game lasted 00:00:17 (251 turns).

vurker the Gusty (Felid Air Elementalist)            Turns: 251, Time: 00:00:18

Health: 0/7        AC:  1    Str:  4    XL:     1   Next: 41%
Magic:  0/4        EV: 18    Int: 16    God:
Gold:   12         SH:  0    Dex: 16    Spells: 3/4 levels left
                                        Lives:  0   Deaths: 0

rFire    . . .     SeeInvis +   (weapon unavailable)
rCold    . . .     Gourm    .   (shield unavailable)
rNeg     . . .     Faith    .   (armour unavailable)
rPois    .         Spirit   .   (helmet unavailable)
rElec    .         Reflect  .   (cloak unavailable)
rCorr    .         Harm     .   (gloves unavailable)
MR       .....                  (boots unavailable)
Stlth    +++.......             (no amulet)
HPRegen  0.02/turn              (no ring)
MPRegen  0.09/turn              (no ring)

@: quick
A: very small, no armour, no weapons or thrown items, stealth, claws 1, fangs 3,
see invisible, carnivore, speed 1, shaggy fur 1, slow metabolism 1, sharp paws
a: no special abilities


You were on level 1 of the Dungeon.
You were full.

You visited 1 branch of the dungeon, and saw 1 of its levels.

You collected 12 gold pieces.

Inventory:

Potions
 a - a potion of brilliance {unknown}
 b - a potion of curing {unknown}
Comestibles
 e - a ration


   Skills:
 + Level 0.1 Fighting
 - Level 2.6 Dodging
 - Level 2.6 Stealth
 * Level 2.1 Spellcasting
 + Level 1.0 Conjurations
 * Level 2.7 Air Magic


You had 3 spell levels left.
You knew the following spells:

 Your Spells              Type           Power        Failure   Level  Hunger
a - Shock                 Conj/Air       #...         10%         1    #......

Your spell library contained the following spells:

 Spells                   Type           Power        Failure   Level  Hunger
 Swiftness                Chrm/Air       #.......     19%         2    ###....
 Static Discharge         Conj/Air       #.......     28%         3    ###....
 Airstrike                Air            ##........   54%         4    #####..
 Lightning Bolt           Conj/Air       #.........   95%         5    ######.


Dungeon Overview and Level Annotations

Branches:
Dungeon (1/15)

Altars:


Innate Abilities, Weirdness & Mutations

You cannot wear armour.
You are incapable of wielding weapons or throwing items.
Your paws allow you to move quietly. (Stealth)
You have sharp claws.
You have razor-sharp teeth.
You have supernaturally acute eyesight. (SInv)
You are carnivorous and can eat meat at any time.
You cover ground quickly.
You are covered in fur. (AC +1)
You have a slow metabolism.
Your sharp claws are effective at attacking unaware monsters.


Message History

You kill the frilled lizard!
You can't see any susceptible monsters within range! (Use Z to cast anyway.)
You can't see any susceptible monsters within range! (Use Z to cast anyway.)
You can't see any susceptible monsters within range! (Use Z to cast anyway.)
You butcher the frilled lizard corpse.
c - a chunk of flesh You see here a frilled lizard skeleton. x2
Eating a chunk of flesh.
You eat the chunk of flesh.
This raw flesh tastes great.
You open the door.
A frilled lizard, a jackal and a dart slug come into view.
There are monsters nearby!
There are monsters nearby!
Aim: a dart slug (resting)
The zap hits the dart slug.
Aim: a dart slug (lightly wounded)
The zap hits the dart slug.
The frilled lizard hisses angrily.
You hear a bark!
The jackal barks!
A jackal comes into view.
The dart slug launches a dart at you. The slug dart misses you.
Aim: a dart slug (heavily wounded)
The zap hits the dart slug.
Aim: a dart slug (severely wounded)
The zap hits the dart slug.
You don't have enough magic to cast that spell.
You don't have enough magic to cast that spell.
You miss the frilled lizard. The frilled lizard misses you.
You scratch the frilled lizard. The frilled lizard misses you.
You scratch the frilled lizard but do no damage.
The frilled lizard barely misses you.
You closely miss the frilled lizard. The frilled lizard bites you.
You miss the frilled lizard. The frilled lizard misses you.
You closely miss the frilled lizard. The frilled lizard bites you.
* * * LOW HITPOINT WARNING * * *
Aim: a dart slug (severely wounded)
The zap misses the frilled lizard.
The zap hits the dart slug.
The frilled lizard closely misses you.
You don't have enough magic to cast that spell.
You scratch the frilled lizard.
You kill the frilled lizard!
Your Conjurations skill increases to level 1!
You barely miss the jackal. Your bite misses the jackal.
The jackal completely misses you.
You scratch the jackal but do no damage.
The jackal misses you.
You scratch the jackal but do no damage.
The jackal barely misses you.
You barely miss the jackal. The jackal bites you.
You die...

### ####.# ..# #.# #.#
#.. ###.# +# ##..
##.#.# ... ##...
##.#..# .... #....
##.###.## ..... ##...
#.## ##.###......
####..
##.###...@hw.....
+.....
##.#..####h.....
####.. ##..## .....
##. #.## .... ## #.#
... #.# #+# #.# #.#
#.##########.#
#............#########


You could see a dart slug and 2 jackals.

Vanquished Creatures
  A giant cockroach (D:1)
  3 frilled lizards (D:1)
4 creatures vanquished.

Notes
Turn   | Place    | Note
-------+----------+-------------------------------------------
     0 | D:1      | vurker the Felid Air Elementalist began the quest for the
                  | Orb.
     0 | D:1      | Reached XP level 1. HP: 7/7 MP: 4/4
   247 | D:1      | Reached skill level 1 in Conjurations
   251 | D:1      | Slain by a jackal

Levels and vault maps discovered:
D:1:      dpeg_arrival_pits, layout_loops_corners

Skill      XL: |  1 |
---------------+----+-----
Conjurations   | 1 |  1.0
Fighting       | |  0.1
Dodging        | |  2.6
Stealth        | |  2.6
Spellcasting   | |  2.1
Air Magic      | |  2.7

Action                   || total
-------------------------++-------
Melee: Unarmed           ||    11
 Cast: Shock             ||    12
  Eat: Chunk             ||     2
Dodge: Dodged            ||     9

Table legend:
 A = Non-vault XP
 B = Vault XP
 C = Vault XP percentage of total XP
 D = Non-vault monster count
 E = Vault monster count
 F = Vault count percentage of total count
                 A         B        C        D         E       F
            +---------+---------+-------+---------+---------+-------
      Total |       5 |       0 |   0.0 |       4 |       0 |   0.0
            +---------+---------+-------+---------+---------+-------
        D:1 |       5 |       0 |   0.0 |       4 |       0 |   0.0
            +---------+---------+-------+---------+---------+-------
